 Dungeon Crawl Stone Soup version 0.18-a0-971-g0af6217 (webtiles) character file.

77 mikosax the Shield-Bearer (level 4, 0/40 HPs)
             Began as a Minotaur Fighter on Jan 2, 2016.
             Slain by Grinder (1 damage)
             ... while paralysed by Grinder
             ... on level 3 of the Dungeon.
             The game lasted 00:15:15 (2428 turns).

mikosax the Shield-Bearer (Minotaur Fighter)        Turns: 2428, Time: 00:15:15

Health: 0/40       AC:  7    Str: 21    XL:     4   Next: 14%
Magic:  3/3        EV:  2    Int:  5    God:
Gold:   150        SH:  0    Dex: 10    Spells: 0 memorised, 3 levels left

rFire  . . .     SeeInvis .     a - +0 war axe
rCold  . . .     Gourm    .     b - +0 scale mail
rNeg   . . .     Faith    .     c - +0 shield
rPois  .         Spirit   .     (helmet restricted)
rElec  .         Dismiss  .     (no cloak)
rCorr  .         Reflect  .     (no gloves)
SustAt .         Harm     .     (no boots)
MR     .....                    (no amulet)
Stlth  ..........               (no ring)
                                (no ring)

@: paralysed, lethally poisoned (0 -> -1), not resistant to hostile
enchantments, extremely unstealthy
A: retaliatory headbutt, horns 2
a: no special abilities


You were on level 3 of the Dungeon.
You were not hungry.

You visited 1 branch of the dungeon, and saw 3 of its levels.

You collected 150 gold pieces.

Inventory:

Hand Weapons
 a - a +0 war axe (weapon)
 h - a +0 dagger
 j - a +0 club
 k - a +0 dagger
 m - a +0 hand axe
 p - a +0 dagger
 q - a +0 whip
 t - a +0 spear
 v - a +0 mace
 y - a +0 spear
 A - a +0 mace
 B - a +0 dagger
Missiles
 l - 18 stones (quivered)
 n - 35 arrows
 r - 10 bolts
Armour
 b - a +0 scale mail (worn)
 c - a +0 shield (worn)
 i - a cursed +0 leather armour
 u - a +2 hat
 x - a +0 scale mail
Scrolls
 e - a scroll of magic mapping {unknown}
 o - a scroll of random uselessness {unknown}
 w - a scroll of identify {unknown}
 C - a scroll of enchant weapon {unknown}
Potions
 d - a potion of might
 s - a potion of haste {unknown}
Comestibles
 f - a bread ration
 g - 3 meat rations


   Skills:
 + Level 4.2 Fighting
 + Level 3.1 Axes
 + Level 4.2 Armour
 + Level 1.6 Dodging
 + Level 4.2 Shields


You had 3 spell levels left.
You didn't know any spells.

Dungeon Overview and Level Annotations

Branches:
Dungeon (3/15)

Altars:
Sif Muna

Annotations:
D:3 Grinder


Innate Abilities, Weirdness & Mutations

You reflexively headbutt those who attack you in melee.
You have a pair of horns on your head.


Message History

You feel sick. Grinder hits you.
* * * LOW HITPOINT WARNING * * *
You writhe in agony.
* * * LOW HITPOINT WARNING * * *
The adder bites you but does no damage. Grinder hits you but does no damage.
The adder completely misses you.
Eat which item? (? for menu, Esc to quit)
Okay, then.
Drink which item? (? for menu, Esc to quit)
Okay, then.
Read which item? (? for menu, Esc to quit)
Okay, then.
Drink which item? (? for menu, Esc to quit)
It was a potion of cure mutation.
It has a very clean taste.
The adder bites you.
* * * LOW HITPOINT WARNING * * *
Grinder gestures at you.
You suddenly lose the ability to move!
The adder barely misses you. Grinder hits you.
You die...

..........# ..
..........#
#..
..........#
..#
..........#...
..........#.#
..>.........#
.......5†...#
......S@<.#
..#########


You could see Grinder and an adder.

Vanquished Creatures
  2 adders (D:2)
  An ooze (D:1)
  A worm (D:2)
  A giant gecko (D:1)
  3 giant cockroaches
  7 goblins
  4 hobgoblins
  3 jackals (D:1)
  9 kobolds
  A quokka (D:2)
  8 bats
  2 giant newts
  8 rats
50 creatures vanquished.

Notes
Turn   | Place    | Note
--------------------------------------------------------------
     0 | D:1      | mikosax the Minotaur Fighter began the quest for the Orb.
     0 | D:1      | Reached XP level 1. HP: 19/19 MP: 0/0
    58 | D:1      | Reached XP level 2. HP: 24/27 MP: 1/1
   307 | D:1      | Reached skill level 4 in Fighting
   413 | D:1      | Reached XP level 3. HP: 33/33 MP: 2/2
   788 | D:1      | Reached skill level 1 in Dodging
  1652 | D:2      | Found a deep blue altar of Sif Muna.
  1853 | D:2      | Reached XP level 4. HP: 38/40 MP: 3/3
  2414 | D:3      | Noticed Grinder
  2426 | D:3      | HP: 2/40 [Grinder (6)]
  2427 | D:3      | Paralysed by Grinder for 7 turns
  2428 | D:3      | Slain by Grinder

Vault maps used:
D:1:      onia_arrival_larder
D:2:      lemuel_blue_sif_altar
D:3:      nicolae_overflow_crystal_walls, cheibriados_altar_1,
          hangedman_decor_diamond_cutter, uniq_grinder, uniq_jessica,
          uniq_sigmund

Action                   |  1- 3 |  4- 6 || total
-------------------------+-------+-------++-------
Melee: War axe           |    80 |    15 ||    95
  Use: Potion            |       |     1 ||     1
  Eat: Bread ration      |     1 |       ||     1
